[ PARTIDA AOE2 · #469462616 ]
UnrankedGurjaras vs Koreans
[ ANÁLISIS DE REPETICIÓN · EXTRAÍDO DE LA PARTIDA GRABADA ]
Feudal
10:12
Castillos
16:02
Imperial
40:01
| APM promedio | 25.6 |
| APM pico | 57 |
| eAPM promedio | 15.5 |
| Aldeanos / militares | 177 / 319 |
Foco
⚔️ 24.0% · 🌾 76.0%
Shrivamsha Rider ×116 · Camel Scout ×114 · Scout Cavalry ×86 · Trebuchet (Packed) ×3
Feudal
—
Castillos
—
Imperial
—
| APM promedio | 36.7 |
| APM pico | 100 |
| eAPM promedio | 25.7 |
| Aldeanos / militares | 197 / 369 |
Foco
⚔️ 49.1% · 🌾 50.9%
Spearman ×329 · Unknown (2550) ×168 · Mangonel ×21 · Kamayuk ×9 · Trebuchet (Packed) ×6 · Battering Ram ×3
Feudal
9:29
Castillos
23:51
Imperial
50:45
| APM promedio | 37.1 |
| APM pico | 89 |
| eAPM promedio | 19.2 |
| Aldeanos / militares | 172 / 175 |
Foco
⚔️ 28.0% · 🌾 72.0%
Scout Cavalry ×79 · Fire Lancer ×63 · Archer ×26 · Trade Cart ×12 · Trebuchet (Packed) ×4 · Spearman ×3
Feudal
9:49
Castillos
24:06
Imperial
45:12
| APM promedio | 41.0 |
| APM pico | 79 |
| eAPM promedio | 21.7 |
| Aldeanos / militares | 152 / 700 |
Foco
⚔️ 39.2% · 🌾 60.8%
Scout Cavalry ×474 · Knight ×216 · Battering Ram ×8 · Mangonel ×1 · Trebuchet (Packed) ×1
Feudal
9:56
Castillos
24:22
Imperial
39:06
| APM promedio | 40.2 |
| APM pico | 90 |
| eAPM promedio | 24.8 |
| Aldeanos / militares | 174 / 377 |
Foco
⚔️ 42.1% · 🌾 57.9%
Spearman ×157 · Archer ×143 · Skirmisher ×39 · Trebuchet (Packed) ×19 · Bombard Cannon ×11 · Trade Cart ×7
Feudal
11:15
Castillos
15:06
Imperial
28:04
| APM promedio | 37.5 |
| APM pico | 102 |
| eAPM promedio | 26.5 |
| Aldeanos / militares | 220 / 203 |
Foco
⚔️ 32.0% · 🌾 68.0%
Ballista Elephant ×103 · Scout Cavalry ×87 · Trebuchet (Packed) ×8 · Mangonel ×3 · Battle Elephant ×2
Feudal
12:29
Castillos
26:07
Imperial
—
| APM promedio | 26.2 |
| APM pico | 87 |
| eAPM promedio | 12.4 |
| Aldeanos / militares | 111 / 112 |
Foco
⚔️ 32.8% · 🌾 67.2%
Archer ×72 · Skirmisher ×33 · Spearman ×7
Feudal
9:21
Castillos
20:43
Imperial
37:31
| APM promedio | 34.9 |
| APM pico | 63 |
| eAPM promedio | 22.1 |
| Aldeanos / militares | 184 / 525 |
Foco
⚔️ 41.8% · 🌾 58.2%
Scout Cavalry ×255 · Knight ×237 · Spearman ×31 · Trade Cart ×30 · Monk ×2
Mapa de la partida
Recursos iniciales + cada clic de construcción. Líneas = muros · curvas = relieve. ◆ oro · ⬟ piedra · ● bayas · ✦ reliquia · ◌ hueco del cierre
Tu base· ✓ Separados por el mapa
Base de Peppyzizzle25· ✓ Separados por el mapa
Base de edukratos23· ✓ Separados por el mapa
Base de TopDogThor· ✓ Separados por el mapa
Base de elsalvadordelaoe· ✓ Separados por el mapa
Base de gabaleage· ✓ Separados por el mapa
Base de darkdudu· ✓ Separados por el mapa
Base de elpanditm· ✓ Separados por el mapa
Terreno inicial suavizado · ◌ = hueco del cierre detectado · pasá el cursor para detalles
Inputs por minuto
— GeneralDavid51 - - Peppyzizzle25
Build order — GeneralDavid51
Primeras 150 de 457 acciones detectadas
| 0:01 | Crear | Villager (Male) ×4 |
| 0:04 | Construir | House |
| 0:07 | Construir | House |
| 1:06 | Construir | Mill |
| 1:54 | Crear | Villager (Male) |
| 1:55 | Crear | Villager (Male) |
| 2:17 | Crear | Villager (Male) |
| 2:17 | Crear | Villager (Male) |
| 2:43 | Crear | Villager (Male) |
| 2:43 | Crear | Villager (Male) |
| 3:03 | Crear | Villager (Male) |
| 3:04 | Crear | Villager (Male) |
| 3:34 | Crear | Villager (Male) |
| 3:34 | Crear | Villager (Male) |
| 3:45 | Crear | Villager (Male) |
| 3:45 | Crear | Villager (Male) |
| 3:46 | Crear | Villager (Male) |
| 4:05 | Construir | House |
| 4:21 | Crear | Villager (Male) |
| 4:22 | Crear | Villager (Male) |
| 4:22 | Crear | Villager (Male) |
| 4:22 | Crear | Villager (Male) |
| 4:51 | Crear | Villager (Male) |
| 5:14 | Construir | Lumber Camp |
| 6:25 | Construir | House |
| 7:04 | Construir | House |
| 7:07 | Investigar | Feudal Age |
| 7:10 | Crear | Villager (Male) |
| 7:11 | Crear | Villager (Male) |
| 7:43 | Construir | Mining Camp |
| 8:02 | Investigar | Feudal Age |
| 8:27 | Construir | Lumber Camp |
| 10:03 | Crear | Villager (Male) |
| 10:12 | Edad | Edad Feudal |
| 10:16 | Construir | Blacksmith |
| 10:23 | Construir | Market |
| 10:41 | Construir | Farm |
| 10:42 | Construir | Farm |
| 10:48 | Crear | Villager (Male) |
| 10:49 | Crear | Villager (Male) |
| 10:57 | Construir | Farm |
| 10:58 | Construir | Farm |
| 11:18 | Construir | Farm |
| 11:19 | Construir | Farm |
| 11:27 | Construir | Farm |
| 11:30 | Construir | Farm |
| 11:42 | Construir | Farm |
| 11:44 | Construir | Farm |
| 11:50 | Crear | Villager (Male) |
| 12:21 | Construir | Farm |
| 12:35 | Crear | Villager (Male) |
| 12:42 | Construir | Farm |
| 12:48 | Construir | Farm |
| 13:22 | Investigar | Castle Age |
| 14:36 | Crear | Villager (Male) |
| 14:54 | Construir | House |
| 14:59 | Construir | House |
| 15:40 | Construir | Barracks |
| 15:57 | Investigar | Double-Bit Axe |
| 15:59 | Investigar | Horse Collar |
| 16:02 | Edad | Edad de los Castillos |
| 16:38 | Crear | Villager (Male) |
| 16:38 | Crear | Villager (Male) |
| 16:51 | Construir | Town Center |
| 16:56 | Investigar | Loom |
| 17:07 | Crear | Villager (Male) |
| 17:08 | Crear | Villager (Male) |
| 18:09 | Crear | Villager (Male) |
| 18:31 | Crear | Villager (Male) ×5 |
| 18:43 | Construir | Stable |
| 18:50 | Crear | Villager (Male) |
| 18:50 | Crear | Villager (Male) |
| 19:21 | Investigar | Scale Barding Armor |
| 19:21 | Investigar | Forging |
| 19:29 | Construir | Stable |
| 19:42 | Crear | Villager (Male) |
| 19:42 | Crear | Villager (Male) |
| 19:43 | Crear | Villager (Male) |
| 19:45 | Investigar | Gold Mining |
| 20:02 | Crear | Camel Scout |
| 20:02 | Crear | Camel Scout |
| 20:08 | Crear | Villager (Male) |
| 20:19 | Crear | Villager (Male) |
| 20:23 | Construir | Farm |
| 20:24 | Construir | Farm |
| 20:24 | Construir | Farm |
| 20:24 | Construir | Farm |
| 20:24 | Construir | Farm |
| 20:33 | Crear | Villager (Male) |
| 20:43 | Crear | Camel Scout |
| 20:46 | Investigar | Bloodlines |
| 20:52 | Crear | Villager (Male) |
| 21:03 | Crear | Villager (Male) |
| 21:05 | Construir | House |
| 21:15 | Construir | House |
| 21:27 | Construir | House |
| 21:32 | Construir | Palisade Wall |
| 21:39 | Construir | Palisade Wall |
| 21:48 | Crear | Camel Scout |
| 21:48 | Crear | Camel Scout |
| 21:50 | Crear | Camel Scout |
| 21:51 | Crear | Camel Scout |
| 21:55 | Crear | Villager (Male) |
| 22:13 | Crear | Camel Scout |
| 22:24 | Construir | Farm |
| 22:44 | Crear | Camel Scout |
| 22:50 | Crear | Camel Scout |
| 23:24 | Crear | Villager (Male) |
| 23:24 | Crear | Villager (Male) |
| 23:35 | Construir | Town Center |
| 23:52 | Investigar | Husbandry |
| 23:55 | Construir | House |
| 24:00 | Crear | Villager (Male) |
| 24:01 | Crear | Villager (Male) |
| 24:01 | Crear | Villager (Male) |
| 24:03 | Crear | Villager (Male) |
| 24:04 | Construir | House |
| 24:18 | Investigar | Heavy Plow |
| 24:19 | Investigar | Heavy Plow |
| 24:44 | Crear | Villager (Male) |
| 24:53 | Crear | Villager (Male) |
| 24:55 | Investigar | Chain Barding Armor |
| 25:02 | Crear | Villager (Male) |
| 26:12 | Crear | Villager (Male) |
| 26:12 | Crear | Villager (Male) |
| 26:14 | Investigar | Wheelbarrow |
| 26:28 | Crear | Villager (Male) |
| 26:28 | Crear | Villager (Male) |
| 26:31 | Construir | Mining Camp |
| 26:33 | Crear | Villager (Male) |
| 26:35 | Construir | Farm |
| 26:37 | Construir | Farm |
| 26:39 | Crear | Villager (Male) |
| 27:04 | Crear | Shrivamsha Rider ×5 |
| 27:08 | Crear | Villager (Male) |
| 27:28 | Crear | Villager (Male) |
| 27:33 | Construir | Mill |
| 27:34 | Construir | Farm |
| 27:34 | Construir | Farm |
| 27:35 | Construir | Farm |
| 27:35 | Construir | Farm |
| 27:35 | Construir | Farm |
| 27:35 | Construir | Farm |
| 27:36 | Construir | Farm |
| 27:36 | Construir | Farm |
| 27:36 | Construir | Farm |
| 27:39 | Construir | Farm |
| 27:39 | Construir | Farm |
| 27:39 | Construir | Farm |
| 28:32 | Crear | Camel Scout ×5 |
Build order — Peppyzizzle25
Primeras 150 de 967 acciones detectadas
| 0:03 | Crear | Villager (Male) |
| 0:07 | Construir | House |
| 0:11 | Crear | Villager (Male) |
| 0:12 | Crear | Villager (Male) |
| 0:12 | Crear | Villager (Male) |
| 0:12 | Crear | Villager (Male) |
| 1:28 | Crear | Villager (Male) |
| 2:09 | Crear | Villager (Male) |
| 2:09 | Crear | Villager (Male) |
| 2:25 | Crear | Villager (Male) |
| 2:25 | Crear | Villager (Male) |
| 2:25 | Crear | Villager (Male) |
| 2:53 | Crear | Villager (Male) |
| 2:53 | Crear | Villager (Male) |
| 3:26 | Crear | Villager (Male) |
| 3:26 | Crear | Villager (Male) |
| 3:55 | Crear | Villager (Male) |
| 3:56 | Crear | Villager (Male) |
| 3:56 | Crear | Villager (Male) |
| 3:56 | Crear | Villager (Male) |
| 4:08 | Construir | House |
| 4:36 | Crear | Villager (Male) |
| 4:37 | Crear | Villager (Male) |
| 4:37 | Crear | Villager (Male) |
| 4:37 | Crear | Villager (Male) |
| 4:47 | Construir | House |
| 5:20 | Construir | Settlement |
| 5:26 | Crear | Villager (Male) |
| 5:27 | Crear | Villager (Male) |
| 5:27 | Crear | Villager (Male) |
| 5:53 | Crear | Villager (Male) |
| 5:53 | Crear | Villager (Male) |
| 7:15 | Crear | Villager (Male) |
| 8:00 | Crear | Villager (Male) |
| 8:20 | Construir | Settlement |
| 8:30 | Crear | Villager (Male) |
| 8:51 | Crear | Villager (Male) |
| 9:29 | Investigar | Feudal Age |
| 9:44 | Construir | Farm |
| 9:45 | Construir | Farm |
| 9:45 | Construir | Farm |
| 9:46 | Construir | Farm |
| 9:48 | Construir | Farm |
| 9:49 | Construir | Farm |
| 9:51 | Construir | Farm |
| 9:53 | Construir | Farm |
| 9:54 | Construir | Farm |
| 9:56 | Construir | Farm |
| 9:58 | Construir | Farm |
| 10:00 | Construir | Farm |
| 10:35 | Crear | Villager (Male) |
| 10:35 | Crear | Villager (Male) |
| 10:35 | Crear | Villager (Male) |
| 10:35 | Crear | Villager (Male) |
| 10:49 | Crear | Villager (Male) |
| 11:06 | Construir | Farm |
| 11:07 | Construir | Farm |
| 11:42 | Construir | Market |
| 12:31 | Construir | Blacksmith |
| 12:56 | Investigar | Loom |
| 13:33 | Construir | Barracks |
| 13:39 | Investigar | Castle Age |
| 14:05 | Investigar | Double-Bit Axe |
| 14:40 | Construir | Barracks |
| 14:55 | Investigar | Gold Mining |
| 15:17 | Crear | Unit 2550 |
| 15:17 | Crear | Unit 2550 |
| 15:35 | Construir | House |
| 15:38 | Crear | Unit 2550 |
| 15:38 | Crear | Unit 2550 |
| 15:38 | Crear | Unit 2550 |
| 15:39 | Crear | Unit 2550 |
| 15:55 | Investigar | Scale Mail Armor |
| 16:09 | Investigar | Tech 1402 |
| 16:28 | Construir | Town Center |
| 16:32 | Crear | Villager (Male) |
| 16:47 | Crear | Unit 2550 |
| 16:47 | Crear | Unit 2550 |
| 16:52 | Crear | Villager (Male) |
| 16:52 | Crear | Villager (Male) |
| 17:15 | Crear | Unit 2550 |
| 17:20 | Crear | Villager (Male) |
| 17:51 | Investigar | Tech 1351 |
| 17:52 | Investigar | Tech 1351 |
| 17:52 | Investigar | Tech 1351 |
| 18:06 | Crear | Villager (Male) |
| 18:13 | Construir | Farm |
| 18:13 | Construir | Farm |
| 18:15 | Construir | Farm |
| 18:17 | Construir | Farm |
| 18:18 | Construir | Farm |
| 18:24 | Crear | Villager (Male) |
| 18:24 | Crear | Villager (Male) |
| 18:42 | Construir | House |
| 18:56 | Investigar | Wheelbarrow |
| 19:07 | Crear | Villager (Male) |
| 19:07 | Crear | Villager (Male) |
| 19:07 | Crear | Villager (Male) |
| 19:33 | Crear | Villager (Male) |
| 19:33 | Crear | Villager (Male) |
| 20:00 | Crear | Villager (Male) |
| 20:01 | Crear | Villager (Male) |
| 20:26 | Crear | Villager (Male) |
| 20:27 | Crear | Villager (Male) |
| 21:06 | Investigar | Forging |
| 21:15 | Construir | Settlement |
| 21:20 | Crear | Villager (Male) |
| 21:20 | Crear | Villager (Male) |
| 21:22 | Crear | Villager (Male) |
| 21:22 | Crear | Villager (Male) |
| 21:45 | Crear | Villager (Male) |
| 21:45 | Crear | Villager (Male) |
| 21:45 | Crear | Villager (Male) |
| 22:08 | Crear | Villager (Male) |
| 22:08 | Crear | Villager (Male) |
| 22:08 | Crear | Villager (Male) |
| 22:13 | Construir | Town Center |
| 22:21 | Crear | Unit 2550 |
| 22:21 | Crear | Unit 2550 |
| 22:21 | Crear | Unit 2550 |
| 22:21 | Crear | Unit 2550 |
| 22:32 | Construir | Farm |
| 22:34 | Construir | Farm |
| 22:35 | Construir | Farm |
| 22:36 | Construir | Farm |
| 22:38 | Construir | Farm |
| 22:43 | Crear | Villager (Male) |
| 22:43 | Crear | Villager (Male) |
| 22:43 | Crear | Villager (Male) |
| 22:43 | Crear | Villager (Male) |
| 23:04 | Crear | Unit 2550 |
| 23:04 | Crear | Unit 2550 |
| 23:15 | Crear | Villager (Male) |
| 23:30 | Crear | Unit 2550 |
| 23:33 | Construir | Farm |
| 23:34 | Construir | Farm |
| 23:34 | Construir | Farm |
| 23:35 | Construir | Farm |
| 23:36 | Construir | Farm |
| 23:36 | Construir | Farm |
| 23:36 | Construir | Farm |
| 23:36 | Construir | Farm |
| 23:38 | Construir | Farm |
| 23:39 | Construir | Farm |
| 23:44 | Crear | Unit 2550 |
| 23:45 | Crear | Unit 2550 |
| 24:01 | Investigar | Squires |
| 24:30 | Investigar | Chain Mail Armor |
| 24:35 | Crear | Unit 2550 |
| 24:35 | Crear | Unit 2550 |
Build order — edukratos23
Primeras 150 de 572 acciones detectadas
| 0:01 | Crear | Villager (Male) |
| 0:02 | Crear | Villager (Male) |
| 0:02 | Crear | Villager (Male) |
| 0:02 | Crear | Villager (Male) |
| 0:02 | Crear | Villager (Male) |
| 0:04 | Construir | House |
| 0:07 | Construir | House |
| 1:31 | Crear | Villager (Male) |
| 1:50 | Construir | Lumber Camp |
| 2:02 | Crear | Villager (Male) |
| 2:19 | Crear | Villager (Male) |
| 2:37 | Construir | House |
| 2:51 | Crear | Villager (Male) |
| 2:51 | Crear | Villager (Male) |
| 3:25 | Crear | Villager (Male) |
| 3:25 | Crear | Villager (Male) |
| 3:26 | Crear | Villager (Male) |
| 3:26 | Crear | Villager (Male) |
| 3:26 | Crear | Villager (Male) |
| 4:09 | Crear | Villager (Male) |
| 4:45 | Crear | Villager (Male) |
| 4:45 | Crear | Villager (Male) |
| 5:36 | Crear | Villager (Male) |
| 5:49 | Construir | House |
| 5:59 | Crear | Villager (Male) |
| 6:24 | Construir | Barracks |
| 6:27 | Crear | Villager (Male) |
| 6:32 | Investigar | Loom |
| 7:19 | Investigar | Feudal Age |
| 7:47 | Construir | Mining Camp |
| 8:29 | Crear | Villager (Male) |
| 9:13 | Crear | Villager (Male) |
| 9:22 | Construir | House |
| 9:29 | Edad | Edad Feudal |
| 9:51 | Crear | Villager (Male) |
| 9:58 | Investigar | Double-Bit Axe |
| 10:16 | Construir | Mill |
| 10:41 | Crear | Villager (Male) |
| 10:51 | Construir | Farm |
| 10:53 | Construir | Farm |
| 10:58 | Construir | Farm |
| 10:59 | Construir | Farm |
| 11:01 | Construir | Farm |
| 11:03 | Crear | Villager (Male) |
| 11:14 | Construir | Archery Range |
| 11:19 | Construir | Palisade Wall |
| 11:20 | Construir | Palisade Wall |
| 11:22 | Construir | Palisade Wall |
| 11:33 | Crear | Villager (Male) |
| 11:43 | Construir | Farm |
| 11:50 | Construir | Farm |
| 12:01 | Crear | Villager (Male) |
| 12:01 | Crear | Villager (Male) |
| 12:10 | Construir | Farm |
| 12:16 | Crear | Villager (Male) |
| 12:26 | Construir | Archery Range |
| 12:37 | Crear | Villager (Male) |
| 12:41 | Construir | Lumber Camp |
| 12:45 | Construir | Blacksmith |
| 12:53 | Construir | House |
| 13:03 | Construir | House |
| 13:05 | Construir | House |
| 13:10 | Crear | Villager (Male) |
| 13:23 | Crear | Archer |
| 13:23 | Crear | Archer |
| 13:34 | Crear | Villager (Male) |
| 13:46 | Construir | Mining Camp |
| 13:47 | Crear | Villager (Male) |
| 14:07 | Construir | Farm |
| 14:18 | Construir | Palisade Wall |
| 14:28 | Construir | Palisade Wall |
| 14:36 | Crear | Archer |
| 14:36 | Crear | Archer |
| 14:38 | Crear | Villager (Male) |
| 14:53 | Crear | Villager (Male) |
| 14:59 | Crear | Archer |
| 14:59 | Crear | Archer |
| 15:05 | Investigar | Fletching |
| 15:10 | Crear | Villager (Male) |
| 15:21 | Construir | House |
| 15:23 | Construir | House |
| 15:25 | Crear | Villager (Male) |
| 15:32 | Construir | Farm |
| 15:35 | Construir | Farm |
| 15:50 | Construir | Lumber Camp |
| 15:51 | Crear | Villager (Male) |
| 15:53 | Crear | Archer |
| 15:54 | Crear | Archer |
| 16:17 | Crear | Archer |
| 16:17 | Crear | Archer |
| 16:36 | Crear | Villager (Male) |
| 16:46 | Crear | Archer |
| 16:48 | Crear | Villager (Male) |
| 17:06 | Construir | Farm |
| 17:12 | Construir | Lumber Camp |
| 17:17 | Construir | House |
| 17:19 | Construir | House |
| 17:20 | Crear | Villager (Male) |
| 17:48 | Crear | Villager (Male) |
| 17:52 | Construir | Archery Range |
| 18:04 | Construir | Archery Range |
| 18:09 | Construir | Barracks |
| 18:13 | Crear | Villager (Male) |
| 18:16 | Construir | House |
| 18:19 | Construir | House |
| 18:21 | Construir | House |
| 18:46 | Crear | Villager (Male) |
| 18:53 | Construir | Farm |
| 19:10 | Construir | Market |
| 19:17 | Crear | Spearman |
| 19:17 | Crear | Spearman |
| 19:17 | Crear | Spearman |
| 19:21 | Crear | Archer |
| 19:21 | Crear | Archer |
| 19:26 | Crear | Villager (Male) |
| 19:46 | Construir | House |
| 19:48 | Construir | House |
| 19:50 | Construir | House |
| 19:56 | Construir | Palisade Wall |
| 19:59 | Crear | Villager (Male) |
| 20:03 | Crear | Archer |
| 20:03 | Crear | Archer |
| 20:22 | Crear | Archer |
| 20:29 | Crear | Villager (Male) |
| 20:46 | Construir | Farm |
| 21:11 | Investigar | Castle Age |
| 21:33 | Construir | Farm |
| 21:37 | Investigar | Horse Collar |
| 21:40 | Crear | Archer |
| 21:41 | Crear | Archer |
| 21:54 | Construir | Archery Range |
| 22:08 | Construir | House |
| 22:09 | Construir | House |
| 22:13 | Construir | Palisade Wall |
| 22:16 | Crear | Villager (Male) |
| 22:33 | Crear | Archer |
| 22:34 | Crear | Archer |
| 22:59 | Crear | Villager (Male) |
| 23:00 | Crear | Villager (Male) |
| 23:06 | Crear | Archer |
| 23:06 | Crear | Archer |
| 23:26 | Crear | Villager (Male) |
| 23:51 | Edad | Edad de los Castillos |
| 23:55 | Investigar | Crossbowman (upgrade) |
| 23:59 | Investigar | Bodkin Arrow |
| 24:04 | Crear | Archer |
| 24:05 | Crear | Archer |
| 24:35 | Construir | Town Center |
| 24:38 | Crear | Villager (Male) |
| 24:46 | Crear | Archer |
Build order — TopDogThor
Primeras 150 de 693 acciones detectadas
| 0:03 | Crear | Villager (Male) |
| 0:03 | Crear | Villager (Male) |
| 0:03 | Crear | Villager (Male) |
| 0:04 | Construir | House |
| 0:06 | Construir | House |
| 0:11 | Crear | Villager (Male) |
| 0:11 | Crear | Villager (Male) |
| 1:57 | Crear | Villager (Male) |
| 1:57 | Crear | Villager (Male) |
| 2:07 | Crear | Villager (Male) |
| 2:24 | Crear | Villager (Male) |
| 2:24 | Crear | Villager (Male) |
| 2:25 | Crear | Villager (Male) |
| 2:57 | Crear | Villager (Male) |
| 2:57 | Crear | Villager (Male) |
| 3:20 | Crear | Villager (Male) |
| 3:20 | Crear | Villager (Male) |
| 3:37 | Construir | Lumber Camp |
| 3:46 | Construir | House |
| 3:53 | Crear | Villager (Male) |
| 3:53 | Crear | Villager (Male) |
| 4:04 | Crear | Villager (Male) |
| 4:41 | Crear | Villager (Male) |
| 5:02 | Crear | Villager (Male) |
| 5:17 | Crear | Villager (Male) |
| 5:26 | Crear | Villager (Male) |
| 5:39 | Crear | Villager (Male) |
| 5:51 | Construir | Lumber Camp |
| 5:53 | Crear | Villager (Male) |
| 6:42 | Construir | House |
| 7:07 | Crear | Villager (Male) |
| 7:10 | Construir | Mill |
| 7:39 | Investigar | Feudal Age |
| 7:39 | Investigar | Feudal Age |
| 7:39 | Investigar | Feudal Age |
| 8:28 | Construir | Barracks |
| 8:31 | Crear | Villager (Male) |
| 8:49 | Crear | Villager (Male) |
| 9:22 | Construir | House |
| 9:49 | Edad | Edad Feudal |
| 9:50 | Construir | Stable |
| 10:02 | Construir | Stable |
| 10:23 | Crear | Villager (Male) |
| 10:25 | Construir | Farm |
| 10:45 | Crear | Scout Cavalry |
| 11:03 | Construir | Farm |
| 11:04 | Construir | Farm |
| 11:05 | Construir | Farm |
| 11:07 | Crear | Villager (Male) |
| 11:12 | Crear | Villager (Male) |
| 11:17 | Construir | Farm |
| 11:20 | Crear | Scout Cavalry |
| 11:30 | Crear | Scout Cavalry |
| 11:41 | Construir | Farm |
| 11:43 | Construir | Farm |
| 11:50 | Construir | Farm |
| 11:54 | Crear | Villager (Male) |
| 11:58 | Investigar | Double-Bit Axe |
| 12:02 | Construir | House |
| 12:03 | Construir | House |
| 12:27 | Construir | Farm |
| 12:28 | Crear | Villager (Male) |
| 12:31 | Construir | Farm |
| 12:39 | Construir | Farm |
| 12:44 | Crear | Scout Cavalry |
| 13:00 | Crear | Scout Cavalry |
| 13:05 | Construir | Farm |
| 13:07 | Construir | Farm |
| 13:18 | Crear | Scout Cavalry |
| 13:44 | Crear | Scout Cavalry |
| 13:44 | Crear | Scout Cavalry |
| 13:49 | Construir | Farm |
| 13:51 | Construir | Farm |
| 13:54 | Construir | Farm |
| 13:56 | Construir | Farm |
| 14:00 | Construir | House |
| 14:01 | Construir | House |
| 14:04 | Crear | Scout Cavalry |
| 14:26 | Crear | Scout Cavalry |
| 14:27 | Crear | Scout Cavalry |
| 14:40 | Crear | Scout Cavalry |
| 14:49 | Crear | Villager (Male) |
| 14:51 | Investigar | Horse Collar |
| 15:11 | Crear | Villager (Male) |
| 15:18 | Construir | Mining Camp |
| 15:34 | Crear | Villager (Male) |
| 15:35 | Crear | Scout Cavalry |
| 15:43 | Construir | Farm |
| 15:46 | Construir | Farm |
| 15:47 | Crear | Scout Cavalry |
| 15:49 | Crear | Villager (Male) |
| 15:53 | Construir | Blacksmith |
| 16:27 | Investigar | Bloodlines |
| 16:33 | Construir | Mining Camp |
| 16:47 | Crear | Scout Cavalry |
| 16:48 | Crear | Scout Cavalry |
| 16:55 | Crear | Villager (Male) |
| 17:04 | Construir | Palisade Wall |
| 17:16 | Crear | Scout Cavalry |
| 17:34 | Crear | Villager (Male) |
| 17:42 | Construir | Farm |
| 17:48 | Construir | Farm |
| 17:58 | Crear | Scout Cavalry |
| 17:58 | Crear | Scout Cavalry |
| 18:10 | Crear | Villager (Male) |
| 18:20 | Investigar | Wheelbarrow |
| 18:20 | Investigar | Wheelbarrow |
| 18:35 | Construir | House |
| 18:36 | Construir | House |
| 18:39 | Crear | Scout Cavalry |
| 18:42 | Crear | Villager (Male) |
| 18:46 | Crear | Scout Cavalry |
| 19:00 | Construir | Farm |
| 19:40 | Crear | Scout Cavalry |
| 19:40 | Crear | Scout Cavalry |
| 20:23 | Crear | Villager (Male) |
| 20:44 | Investigar | Gold Mining |
| 21:26 | Investigar | Castle Age |
| 21:26 | Investigar | Castle Age |
| 22:17 | Crear | Scout Cavalry |
| 22:17 | Crear | Scout Cavalry |
| 22:26 | Construir | Lumber Camp |
| 22:29 | Crear | Villager (Male) |
| 22:30 | Crear | Villager (Male) |
| 24:06 | Edad | Edad de los Castillos |
| 24:08 | Investigar | Light Cavalry (upgrade) |
| 24:17 | Crear | Knight |
| 24:18 | Crear | Knight |
| 24:31 | Crear | Villager (Male) |
| 24:35 | Construir | Town Center |
| 24:45 | Construir | Town Center |
| 24:58 | Crear | Knight |
| 25:15 | Crear | Knight |
| 25:15 | Crear | Knight |
| 25:16 | Crear | Villager (Male) |
| 25:20 | Construir | Lumber Camp |
| 25:28 | Crear | Villager (Male) |
| 25:28 | Investigar | Bow Saw |
| 25:44 | Crear | Knight |
| 25:44 | Crear | Knight |
| 25:54 | Crear | Knight |
| 25:54 | Crear | Knight |
| 26:25 | Construir | Siege Workshop |
| 26:27 | Crear | Villager (Male) |
| 26:28 | Crear | Villager (Male) |
| 26:40 | Crear | Knight |
| 26:40 | Crear | Knight |
| 26:48 | Investigar | Husbandry |
| 26:58 | Crear | Villager (Male) |
| 26:58 | Crear | Villager (Male) |
Build order — elsalvadordelaoe
Primeras 150 de 761 acciones detectadas
| 0:02 | Crear | Villager (Male) |
| 0:03 | Crear | Villager (Male) |
| 0:03 | Crear | Villager (Male) |
| 0:05 | Construir | House |
| 0:06 | Construir | House |
| 1:05 | Crear | Villager (Male) |
| 1:05 | Crear | Villager (Male) |
| 1:05 | Crear | Villager (Male) |
| 1:37 | Crear | Villager (Male) |
| 1:38 | Crear | Villager (Male) |
| 1:38 | Crear | Villager (Male) |
| 1:46 | Construir | Lumber Camp |
| 2:10 | Crear | Villager (Male) |
| 2:11 | Crear | Villager (Male) |
| 2:17 | Crear | Villager (Male) |
| 2:18 | Crear | Villager (Male) |
| 2:18 | Crear | Villager (Male) |
| 2:39 | Construir | House |
| 2:41 | Construir | House |
| 2:58 | Crear | Villager (Male) |
| 2:58 | Crear | Villager (Male) |
| 3:59 | Crear | Villager (Male) |
| 3:59 | Crear | Villager (Male) |
| 3:59 | Crear | Villager (Male) |
| 3:59 | Crear | Villager (Male) |
| 4:10 | Crear | Villager (Male) |
| 4:10 | Crear | Villager (Male) |
| 4:10 | Crear | Villager (Male) |
| 5:16 | Crear | Villager (Male) |
| 5:19 | Crear | Villager (Male) |
| 5:19 | Crear | Villager (Male) |
| 5:51 | Crear | Villager (Male) |
| 5:59 | Construir | Mill |
| 6:37 | Construir | Lumber Camp |
| 6:44 | Crear | Villager (Male) |
| 6:45 | Investigar | Loom |
| 7:30 | Investigar | Feudal Age |
| 7:38 | Construir | Mining Camp |
| 8:16 | Construir | House |
| 8:17 | Construir | House |
| 9:12 | Crear | Villager (Male) |
| 9:22 | Construir | Barracks |
| 9:50 | Crear | Villager (Male) |
| 9:56 | Edad | Edad Feudal |
| 10:26 | Construir | Archery Range |
| 10:29 | Crear | Spearman |
| 10:45 | Crear | Villager (Male) |
| 10:50 | Crear | Villager (Male) |
| 10:51 | Crear | Villager (Male) |
| 11:21 | Investigar | Double-Bit Axe |
| 11:23 | Investigar | Horse Collar |
| 11:32 | Crear | Archer |
| 11:54 | Construir | House |
| 11:56 | Crear | Archer |
| 11:56 | Crear | Archer |
| 11:56 | Crear | Villager (Male) |
| 11:57 | Crear | Villager (Male) |
| 12:05 | Construir | Farm |
| 12:13 | Crear | Archer |
| 12:19 | Crear | Archer |
| 12:34 | Construir | Farm |
| 12:37 | Construir | Farm |
| 12:38 | Crear | Villager (Male) |
| 13:12 | Construir | Archery Range |
| 13:24 | Crear | Spearman |
| 13:32 | Crear | Villager (Male) |
| 13:33 | Crear | Villager (Male) |
| 13:33 | Crear | Villager (Male) |
| 13:51 | Crear | Archer |
| 13:51 | Crear | Archer |
| 13:56 | Crear | Villager (Male) |
| 14:21 | Crear | Villager (Male) |
| 14:25 | Construir | Lumber Camp |
| 14:33 | Crear | Archer |
| 14:44 | Crear | Archer |
| 14:49 | Crear | Archer |
| 14:49 | Crear | Archer |
| 14:50 | Crear | Villager (Male) |
| 14:58 | Construir | Farm |
| 14:59 | Construir | Farm |
| 15:00 | Construir | Farm |
| 15:02 | Construir | Farm |
| 15:03 | Crear | Villager (Male) |
| 15:04 | Crear | Villager (Male) |
| 15:21 | Crear | Archer |
| 15:21 | Crear | Archer |
| 15:24 | Crear | Villager (Male) |
| 15:37 | Construir | Market |
| 15:41 | Construir | Blacksmith |
| 15:43 | Construir | House |
| 16:05 | Construir | House |
| 16:06 | Construir | House |
| 16:06 | Construir | House |
| 16:11 | Construir | Farm |
| 16:26 | Crear | Archer |
| 16:27 | Crear | Villager (Male) |
| 16:36 | Crear | Archer |
| 16:37 | Crear | Archer |
| 16:38 | Crear | Villager (Male) |
| 16:55 | Crear | Villager (Male) |
| 16:55 | Crear | Villager (Male) |
| 17:08 | Construir | House |
| 17:08 | Construir | House |
| 17:08 | Construir | House |
| 17:31 | Crear | Villager (Male) |
| 17:31 | Crear | Villager (Male) |
| 17:44 | Crear | Archer |
| 17:45 | Crear | Archer |
| 18:07 | Investigar | Fletching |
| 18:07 | Investigar | Fletching |
| 18:08 | Investigar | Fletching |
| 18:30 | Investigar | Padded Archer Armor |
| 18:32 | Crear | Villager (Male) |
| 18:36 | Construir | Farm |
| 18:37 | Construir | Farm |
| 18:39 | Construir | Farm |
| 18:39 | Construir | Farm |
| 18:44 | Construir | Farm |
| 18:49 | Crear | Villager (Male) |
| 18:49 | Crear | Villager (Male) |
| 19:34 | Crear | Villager (Male) |
| 19:34 | Crear | Villager (Male) |
| 19:34 | Crear | Villager (Male) |
| 19:35 | Crear | Villager (Male) |
| 20:18 | Crear | Spearman |
| 20:29 | Construir | House |
| 20:31 | Crear | Spearman |
| 20:44 | Crear | Spearman |
| 20:48 | Construir | House |
| 20:49 | Construir | House |
| 20:49 | Construir | House |
| 21:43 | Investigar | Castle Age |
| 21:49 | Construir | Lumber Camp |
| 21:56 | Construir | House |
| 22:45 | Construir | House |
| 22:45 | Construir | House |
| 22:45 | Construir | House |
| 23:01 | Construir | Mill |
| 23:02 | Construir | Farm |
| 23:03 | Construir | Farm |
| 23:03 | Construir | Farm |
| 23:03 | Construir | Farm |
| 23:03 | Construir | Farm |
| 23:31 | Crear | Archer |
| 23:31 | Crear | Archer |
| 23:31 | Crear | Archer |
| 23:31 | Crear | Archer |
| 23:36 | Construir | Archery Range |
| 23:39 | Crear | Archer |
| 23:43 | Crear | Spearman |
Build order — gabaleage
Primeras 150 de 604 acciones detectadas
| 0:02 | Crear | Villager (Male) |
| 0:02 | Crear | Villager (Male) |
| 0:02 | Crear | Villager (Male) |
| 0:03 | Crear | Villager (Male) |
| 0:04 | Construir | House |
| 0:06 | Construir | House |
| 1:27 | Crear | Villager (Male) |
| 1:28 | Crear | Villager (Male) |
| 1:28 | Crear | Villager (Male) |
| 1:48 | Construir | Lumber Camp |
| 2:03 | Crear | Villager (Male) |
| 2:03 | Crear | Villager (Male) |
| 2:04 | Crear | Villager (Male) |
| 2:18 | Crear | Villager (Male) |
| 2:18 | Crear | Villager (Male) |
| 2:18 | Crear | Villager (Male) |
| 2:50 | Crear | Villager (Male) |
| 2:50 | Crear | Villager (Male) |
| 3:06 | Crear | Villager (Male) |
| 3:06 | Crear | Villager (Male) |
| 3:06 | Crear | Villager (Male) |
| 3:37 | Crear | Villager (Male) |
| 3:37 | Crear | Villager (Male) |
| 3:37 | Crear | Villager (Male) |
| 4:04 | Crear | Villager (Male) |
| 4:04 | Crear | Villager (Male) |
| 4:04 | Crear | Villager (Male) |
| 4:04 | Crear | Villager (Male) |
| 4:43 | Crear | Villager (Male) |
| 4:43 | Crear | Villager (Male) |
| 4:43 | Crear | Villager (Male) |
| 4:44 | Crear | Villager (Male) |
| 4:44 | Crear | Villager (Male) |
| 4:47 | Construir | House |
| 4:55 | Investigar | Loom |
| 4:56 | Crear | Villager (Male) |
| 4:56 | Crear | Villager (Male) |
| 4:57 | Crear | Villager (Male) |
| 4:57 | Crear | Villager (Male) |
| 5:12 | Construir | House |
| 5:43 | Crear | Villager (Male) |
| 5:43 | Crear | Villager (Male) |
| 5:43 | Crear | Villager (Male) |
| 5:44 | Crear | Villager (Male) |
| 5:45 | Crear | Villager (Male) |
| 6:33 | Construir | Mill |
| 7:06 | Crear | Villager (Male) |
| 7:07 | Crear | Villager (Male) |
| 7:40 | Construir | Farm |
| 7:51 | Construir | Farm |
| 8:20 | Construir | Mining Camp |
| 9:05 | Investigar | Feudal Age |
| 9:07 | Crear | Villager (Male) |
| 9:07 | Crear | Villager (Male) |
| 10:23 | Construir | Farm |
| 10:25 | Construir | Farm |
| 10:27 | Construir | Farm |
| 10:31 | Construir | Farm |
| 10:36 | Construir | Farm |
| 10:39 | Construir | Farm |
| 11:10 | Construir | Farm |
| 11:15 | Edad | Edad Feudal |
| 11:16 | Construir | Farm |
| 12:26 | Investigar | Castle Age |
| 12:27 | Investigar | Castle Age |
| 12:27 | Investigar | Castle Age |
| 12:44 | Construir | Stable |
| 12:54 | Construir | House |
| 12:55 | Construir | House |
| 13:14 | Investigar | Double-Bit Axe |
| 13:17 | Investigar | Horse Collar |
| 14:05 | Crear | Villager (Male) |
| 14:06 | Crear | Villager (Male) |
| 15:06 | Edad | Edad de los Castillos |
| 15:12 | Construir | Town Center |
| 15:14 | Crear | Villager (Male) |
| 15:17 | Crear | Villager (Male) |
| 15:24 | Construir | Town Center |
| 15:26 | Crear | Villager (Male) |
| 15:49 | Crear | Villager (Male) |
| 15:51 | Crear | Villager (Male) |
| 15:55 | Crear | Battle Elephant |
| 15:56 | Crear | Battle Elephant |
| 16:03 | Crear | Villager (Male) |
| 16:13 | Construir | Farm |
| 16:16 | Construir | Farm |
| 16:34 | Crear | Villager (Male) |
| 16:49 | Crear | Villager (Male) |
| 16:58 | Crear | Villager (Male) |
| 17:15 | Crear | Villager (Male) |
| 17:17 | Crear | Villager (Male) |
| 17:26 | Crear | Villager (Male) |
| 17:26 | Crear | Villager (Male) |
| 17:40 | Crear | Villager (Male) |
| 17:40 | Crear | Villager (Male) |
| 17:40 | Crear | Villager (Male) |
| 17:41 | Crear | Villager (Male) |
| 17:41 | Crear | Villager (Male) |
| 17:45 | Construir | Farm |
| 17:48 | Construir | Farm |
| 17:52 | Crear | Villager (Male) |
| 17:55 | Construir | Farm |
| 18:04 | Investigar | Wheelbarrow |
| 18:08 | Crear | Villager (Male) |
| 18:21 | Crear | Villager (Male) |
| 18:21 | Crear | Villager (Male) |
| 18:32 | Crear | Villager (Male) |
| 18:33 | Crear | Villager (Male) |
| 18:37 | Crear | Villager (Male) |
| 18:37 | Crear | Villager (Male) |
| 18:51 | Construir | Market |
| 18:56 | Crear | Villager (Male) |
| 18:56 | Crear | Villager (Male) |
| 19:03 | Construir | Farm |
| 19:07 | Crear | Villager (Male) |
| 19:08 | Crear | Villager (Male) |
| 19:21 | Crear | Villager (Male) |
| 19:22 | Crear | Villager (Male) |
| 19:34 | Construir | Farm |
| 19:38 | Crear | Villager (Male) |
| 19:39 | Crear | Villager (Male) |
| 19:48 | Construir | House |
| 19:53 | Construir | House |
| 19:56 | Construir | House |
| 19:59 | Crear | Villager (Male) |
| 20:01 | Construir | House |
| 20:02 | Construir | House |
| 20:05 | Crear | Villager (Male) |
| 20:05 | Crear | Villager (Male) |
| 20:16 | Crear | Villager (Male) |
| 20:25 | Crear | Villager (Male) |
| 20:45 | Crear | Villager (Male) |
| 21:04 | Construir | House |
| 21:55 | Construir | Town Center |
| 21:57 | Crear | Villager (Male) |
| 21:58 | Crear | Villager (Male) |
| 21:59 | Crear | Villager (Male) |
| 22:03 | Crear | Villager (Male) |
| 22:03 | Crear | Villager (Male) |
| 22:27 | Crear | Villager (Male) |
| 22:27 | Crear | Villager (Male) |
| 22:33 | Construir | House |
| 22:35 | Crear | Villager (Male) |
| 22:35 | Crear | Villager (Male) |
| 22:37 | Crear | Villager (Male) |
| 22:37 | Crear | Villager (Male) |
| 22:40 | Crear | Villager (Male) |
| 22:45 | Crear | Villager (Male) |
| 22:48 | Crear | Villager (Male) |
| 22:48 | Crear | Villager (Male) |
Build order — darkdudu
Primeras 150 de 330 acciones detectadas
| 0:03 | Crear | Villager (Male) |
| 0:04 | Crear | Villager (Male) |
| 0:04 | Crear | Villager (Male) |
| 0:04 | Crear | Villager (Male) |
| 0:05 | Crear | Villager (Male) |
| 0:08 | Construir | House |
| 0:10 | Construir | House |
| 1:27 | Crear | Villager (Male) |
| 1:27 | Crear | Villager (Male) |
| 1:28 | Crear | Villager (Male) |
| 2:09 | Crear | Villager (Male) |
| 2:09 | Crear | Villager (Male) |
| 2:09 | Crear | Villager (Male) |
| 2:41 | Construir | Lumber Camp |
| 3:13 | Crear | Villager (Male) |
| 3:13 | Crear | Villager (Male) |
| 3:13 | Crear | Villager (Male) |
| 3:14 | Crear | Villager (Male) |
| 3:14 | Crear | Villager (Male) |
| 3:14 | Crear | Villager (Male) |
| 3:20 | Crear | Villager (Male) |
| 3:20 | Crear | Villager (Male) |
| 3:21 | Crear | Villager (Male) |
| 3:21 | Crear | Villager (Male) |
| 3:25 | Investigar | Loom |
| 3:41 | Crear | Villager (Male) |
| 3:41 | Crear | Villager (Male) |
| 4:13 | Construir | House |
| 4:21 | Crear | Villager (Male) |
| 4:21 | Crear | Villager (Male) |
| 4:21 | Crear | Villager (Male) |
| 4:22 | Crear | Villager (Male) |
| 4:33 | Crear | Villager (Male) |
| 4:34 | Crear | Villager (Male) |
| 4:59 | Crear | Villager (Male) |
| 4:59 | Crear | Villager (Male) |
| 5:00 | Crear | Villager (Male) |
| 5:39 | Crear | Villager (Male) |
| 5:39 | Crear | Villager (Male) |
| 5:40 | Crear | Villager (Male) |
| 5:40 | Crear | Villager (Male) |
| 7:16 | Construir | House |
| 7:47 | Construir | Mill |
| 7:49 | Crear | Villager (Male) |
| 7:50 | Crear | Villager (Male) |
| 8:26 | Construir | Farm |
| 8:27 | Construir | Farm |
| 8:31 | Construir | Farm |
| 8:33 | Construir | Farm |
| 8:36 | Crear | Villager (Male) |
| 8:36 | Crear | Villager (Male) |
| 8:50 | Construir | Farm |
| 9:02 | Crear | Villager (Male) |
| 9:03 | Crear | Villager (Male) |
| 9:10 | Construir | House |
| 9:11 | Construir | House |
| 9:38 | Investigar | Feudal Age |
| 9:39 | Investigar | Feudal Age |
| 10:57 | Construir | Barracks |
| 11:14 | Crear | Villager (Male) |
| 11:14 | Crear | Villager (Male) |
| 11:14 | Crear | Villager (Male) |
| 11:16 | Crear | Villager (Male) |
| 12:29 | Edad | Edad Feudal |
| 12:59 | Construir | Stone Wall |
| 13:10 | Construir | Stone Wall |
| 13:16 | Construir | Farm |
| 13:17 | Construir | Farm |
| 13:19 | Investigar | Horse Collar |
| 13:19 | Investigar | Horse Collar |
| 13:32 | Crear | Spearman |
| 13:32 | Crear | Spearman |
| 14:13 | Crear | Spearman |
| 14:51 | Construir | Lumber Camp |
| 14:52 | Crear | Villager (Male) |
| 14:52 | Crear | Villager (Male) |
| 15:13 | Construir | Farm |
| 15:33 | Construir | Mining Camp |
| 15:47 | Construir | Farm |
| 15:50 | Construir | Farm |
| 15:54 | Crear | Spearman |
| 16:22 | Crear | Villager (Male) |
| 16:22 | Crear | Villager (Male) |
| 16:34 | Construir | House |
| 16:35 | Construir | House |
| 16:56 | Investigar | Wheelbarrow |
| 16:56 | Investigar | Wheelbarrow |
| 16:59 | Investigar | Double-Bit Axe |
| 16:59 | Investigar | Double-Bit Axe |
| 17:01 | Crear | Villager (Male) |
| 17:01 | Crear | Villager (Male) |
| 17:02 | Crear | Villager (Male) |
| 17:32 | Construir | Archery Range |
| 17:51 | Construir | Blacksmith |
| 18:04 | Construir | House |
| 18:24 | Construir | House |
| 18:38 | Construir | Watch Tower |
| 18:45 | Crear | Villager (Male) |
| 18:46 | Construir | Farm |
| 18:53 | Crear | Archer |
| 18:54 | Crear | Archer |
| 19:12 | Investigar | Fletching |
| 19:12 | Investigar | Fletching |
| 19:12 | Investigar | Fletching |
| 19:37 | Construir | Lumber Camp |
| 19:49 | Construir | Stone Wall |
| 19:59 | Crear | Villager (Male) |
| 19:59 | Crear | Villager (Male) |
| 20:02 | Crear | Archer |
| 20:02 | Crear | Archer |
| 20:08 | Construir | Dock |
| 21:00 | Construir | Dock |
| 21:06 | Construir | Dock |
| 21:19 | Construir | Dock |
| 21:30 | Crear | Spearman |
| 21:30 | Crear | Spearman |
| 21:40 | Construir | Stone Wall |
| 21:43 | Crear | Villager (Male) |
| 21:43 | Crear | Villager (Male) |
| 22:37 | Crear | Villager (Male) |
| 22:37 | Crear | Villager (Male) |
| 22:44 | Construir | Farm |
| 23:01 | Construir | Archery Range |
| 23:26 | Investigar | Castle Age |
| 23:27 | Investigar | Castle Age |
| 23:32 | Investigar | Gold Mining |
| 23:33 | Investigar | Gold Mining |
| 23:46 | Construir | Archery Range |
| 23:57 | Crear | Villager (Male) |
| 23:57 | Crear | Villager (Male) |
| 24:09 | Construir | Gate |
| 25:06 | Crear | Villager (Male) |
| 25:06 | Crear | Villager (Male) |
| 25:07 | Crear | Villager (Male) |
| 25:20 | Crear | Archer |
| 25:21 | Investigar | Padded Archer Armor |
| 25:22 | Investigar | Padded Archer Armor |
| 26:07 | Edad | Edad de los Castillos |
| 26:11 | Investigar | Bodkin Arrow |
| 26:11 | Investigar | Bodkin Arrow |
| 26:15 | Investigar | Crossbowman (upgrade) |
| 26:15 | Investigar | Crossbowman (upgrade) |
| 26:18 | Investigar | Thumb Ring |
| 26:18 | Investigar | Thumb Ring |
| 26:35 | Construir | University |
| 27:03 | Crear | Archer |
| 27:03 | Crear | Archer |
| 27:09 | Crear | Spearman |
| 27:19 | Crear | Villager (Male) |
| 27:19 | Crear | Villager (Male) |
Build order — elpanditm
Primeras 150 de 742 acciones detectadas
| 0:02 | Crear | Villager (Male) ×4 |
| 0:05 | Construir | House |
| 0:07 | Construir | House |
| 1:45 | Crear | Villager (Male) |
| 1:46 | Crear | Villager (Male) |
| 1:46 | Crear | Villager (Male) |
| 1:48 | Construir | Lumber Camp |
| 2:35 | Crear | Villager (Male) |
| 2:35 | Crear | Villager (Male) |
| 2:36 | Crear | Villager (Male) |
| 3:01 | Crear | Villager (Male) |
| 3:01 | Crear | Villager (Male) |
| 3:25 | Crear | Villager (Male) |
| 3:25 | Crear | Villager (Male) |
| 3:26 | Crear | Villager (Male) |
| 3:29 | Construir | House |
| 4:08 | Crear | Villager (Male) |
| 4:28 | Construir | Mill |
| 4:34 | Crear | Villager (Male) |
| 4:35 | Crear | Villager (Male) |
| 5:22 | Crear | Villager (Male) |
| 5:27 | Crear | Villager (Male) |
| 5:31 | Crear | Villager (Male) |
| 5:31 | Investigar | Loom |
| 6:20 | Crear | Villager (Male) |
| 6:26 | Construir | Lumber Camp |
| 6:44 | Investigar | Loom |
| 7:00 | Investigar | Feudal Age |
| 8:03 | Construir | Barracks |
| 9:21 | Edad | Edad Feudal |
| 9:26 | Construir | Stable |
| 9:27 | Investigar | Double-Bit Axe |
| 9:28 | Investigar | Horse Collar |
| 9:32 | Construir | Farm |
| 9:33 | Construir | Farm |
| 9:34 | Construir | Farm |
| 9:38 | Construir | House |
| 9:57 | Construir | House |
| 10:00 | Crear | Villager (Male) |
| 10:03 | Construir | Farm |
| 10:09 | Construir | Farm |
| 10:14 | Crear | Villager (Male) |
| 10:20 | Construir | Farm |
| 10:23 | Crear | Scout Cavalry |
| 10:23 | Crear | Scout Cavalry |
| 10:42 | Crear | Villager (Male) |
| 10:47 | Construir | Farm |
| 10:51 | Construir | Farm |
| 10:59 | Construir | Farm |
| 11:03 | Construir | Farm |
| 11:11 | Construir | House |
| 11:19 | Crear | Villager (Male) |
| 11:24 | Construir | Farm |
| 11:41 | Crear | Villager (Male) |
| 11:50 | Construir | Farm |
| 11:53 | Construir | Farm |
| 11:55 | Construir | House |
| 12:06 | Crear | Villager (Male) |
| 12:14 | Construir | Farm |
| 12:24 | Crear | Villager (Male) |
| 12:27 | Construir | House |
| 12:37 | Crear | Scout Cavalry |
| 12:50 | Construir | Mill |
| 12:52 | Construir | Farm |
| 12:53 | Crear | Villager (Male) |
| 13:02 | Crear | Villager (Male) |
| 13:11 | Construir | Farm |
| 13:24 | Crear | Villager (Male) |
| 13:29 | Construir | Farm |
| 13:52 | Crear | Villager (Male) |
| 13:56 | Crear | Scout Cavalry |
| 14:26 | Crear | Scout Cavalry |
| 14:27 | Crear | Villager (Male) |
| 14:30 | Construir | Blacksmith |
| 14:36 | Crear | Scout Cavalry |
| 14:39 | Construir | House |
| 14:56 | Construir | Farm |
| 14:57 | Construir | Farm |
| 14:58 | Construir | Farm |
| 15:01 | Crear | Villager (Male) |
| 15:02 | Crear | Villager (Male) |
| 15:09 | Crear | Scout Cavalry |
| 15:15 | Construir | House |
| 15:36 | Construir | Mining Camp |
| 15:46 | Crear | Villager (Male) |
| 15:46 | Crear | Villager (Male) |
| 15:50 | Investigar | Wheelbarrow |
| 16:50 | Crear | Villager (Male) |
| 16:54 | Construir | Market |
| 17:06 | Construir | Lumber Camp |
| 17:15 | Crear | Villager (Male) |
| 17:29 | Construir | Stable |
| 17:31 | Crear | Spearman |
| 18:03 | Investigar | Castle Age |
| 18:37 | Investigar | Scale Barding Armor |
| 18:45 | Construir | House |
| 18:53 | Investigar | Gold Mining |
| 19:11 | Investigar | Bloodlines |
| 19:27 | Construir | House |
| 19:42 | Investigar | Forging |
| 19:49 | Crear | Villager (Male) |
| 20:43 | Edad | Edad de los Castillos |
| 20:45 | Crear | Knight |
| 20:46 | Crear | Knight |
| 20:46 | Investigar | Husbandry |
| 20:49 | Crear | Villager (Male) |
| 20:55 | Construir | Town Center |
| 21:02 | Construir | Town Center |
| 21:07 | Crear | Villager (Male) |
| 21:07 | Crear | Villager (Male) |
| 21:09 | Crear | Knight |
| 21:10 | Crear | Knight |
| 21:11 | Crear | Knight |
| 21:16 | Construir | House |
| 21:27 | Crear | Villager (Male) |
| 21:47 | Construir | House |
| 21:48 | Crear | Knight |
| 21:48 | Crear | Knight |
| 22:09 | Crear | Villager (Male) |
| 22:19 | Crear | Villager (Male) |
| 22:19 | Crear | Villager (Male) |
| 22:20 | Crear | Villager (Male) |
| 22:25 | Construir | Farm |
| 22:25 | Construir | Farm |
| 22:26 | Construir | Farm |
| 22:27 | Construir | Farm |
| 22:31 | Crear | Villager (Male) |
| 22:32 | Crear | Villager (Male) |
| 22:36 | Crear | Villager (Male) |
| 22:39 | Construir | House |
| 22:40 | Crear | Knight |
| 22:40 | Crear | Knight |
| 22:41 | Crear | Knight |
| 23:07 | Crear | Knight |
| 23:07 | Crear | Knight |
| 23:09 | Crear | Villager (Male) |
| 23:09 | Crear | Villager (Male) |
| 23:10 | Crear | Villager (Male) |
| 23:10 | Crear | Villager (Male) |
| 23:10 | Crear | Villager (Male) |
| 23:11 | Crear | Villager (Male) |
| 23:19 | Construir | Monastery |
| 23:38 | Crear | Knight |
| 23:55 | Crear | Villager (Male) |
| 23:56 | Crear | Villager (Male) |
| 24:01 | Construir | Farm |
| 24:06 | Construir | Farm |
| 24:07 | Crear | Villager (Male) |
| 24:29 | Crear | Villager (Male) |
| 24:30 | Crear | Villager (Male) |
Cronología de la partida
| 6:24 | edukratos23 · first_building Barracks |
| 8:03 | elpanditm · first_building Barracks |
| 8:28 | TopDogThor · first_building Barracks |
| 9:21 | elpanditm · age_up feudal |
| 9:22 | elsalvadordelaoe · first_building Barracks |
| 9:26 | elpanditm · first_building Stable |
| 9:29 | edukratos23 · age_up feudal |
| 9:49 | TopDogThor · age_up feudal |
| 9:50 | TopDogThor · first_building Stable |
| 9:56 | elsalvadordelaoe · age_up feudal |
| 10:12 | GeneralDavid51 · age_up feudal |
| 10:26 | elsalvadordelaoe · first_building Archery Range |
| 10:57 | darkdudu · first_building Barracks |
| 11:14 | edukratos23 · first_building Archery Range |
| 11:15 | gabaleage · age_up feudal |
| 11:19 | edukratos23 · wall_segment Palisade Wall x1 |
| 11:20 | edukratos23 · wall_segment Palisade Wall x1 |
| 11:22 | edukratos23 · wall_segment Palisade Wall x1 |
| 12:29 | darkdudu · age_up feudal |
| 12:44 | gabaleage · first_building Stable |
| 12:59 | darkdudu · wall_segment Stone Wall x23 |
| 13:10 | darkdudu · wall_segment Stone Wall x9 |
| 13:33 | Peppyzizzle25 · first_building Barracks |
| 14:18 | edukratos23 · wall_segment Palisade Wall x1 |
| 14:28 | edukratos23 · wall_segment Palisade Wall x1 |
| 15:06 | gabaleage · age_up castle |
| 15:40 | GeneralDavid51 · first_building Barracks |
| 16:02 | GeneralDavid51 · age_up castle |
| 17:04 | TopDogThor · wall_segment Palisade Wall x1 |
| 17:32 | darkdudu · first_building Archery Range |
| 18:02 | elpanditm · first_market_sell 100 stone |
| 18:43 | GeneralDavid51 · first_building Stable |
| 19:37 | elsalvadordelaoe · first_market_sell 100 wood |
| 19:40 | elsalvadordelaoe · first_market_buy 100 food |
| 19:49 | darkdudu · wall_segment Stone Wall x4 |
| 19:56 | edukratos23 · wall_segment Palisade Wall x1 |
| 20:08 | darkdudu · first_building Dock |
| 20:12 | gabaleage · first_market_buy 100 stone |
| 20:43 | elpanditm · age_up castle |
| 21:00 | edukratos23 · first_market_sell 100 wood |
| 21:01 | edukratos23 · first_market_buy 100 food |
| 21:32 | GeneralDavid51 · wall_segment Palisade Wall x1 |
| 21:39 | GeneralDavid51 · wall_segment Palisade Wall x1 |
| 21:40 | darkdudu · wall_segment Stone Wall x4 |
| 22:13 | edukratos23 · wall_segment Palisade Wall x3 |
| 23:19 | elpanditm · first_building Monastery |
| 23:51 | edukratos23 · age_up castle |
| 24:06 | TopDogThor · age_up castle |
| 24:22 | elsalvadordelaoe · age_up castle |
| 24:58 | edukratos23 · wall_segment Palisade Wall x1 |
| 25:00 | edukratos23 · wall_segment Palisade Wall x1 |
| 25:03 | edukratos23 · wall_segment Palisade Wall x1 |
| 25:36 | gabaleage · first_building Castle |
| 26:07 | darkdudu · age_up castle |
| 26:14 | Peppyzizzle25 · first_building Siege Workshop |
| 26:25 | TopDogThor · first_building Siege Workshop |
| 28:04 | gabaleage · age_up imperial |
| 29:13 | darkdudu · first_building Castle |
| 29:17 | edukratos23 · first_building Monastery |
| 29:40 | elpanditm · first_market_buy 100 food |
| 29:57 | edukratos23 · first_building Castle |
| 30:30 | gabaleage · wall_segment Stone Wall x4 |
| 32:42 | gabaleage · first_building Siege Workshop |
| 33:07 | elsalvadordelaoe · first_building Monastery |
| 33:55 | Peppyzizzle25 · first_building Monastery |
| 35:56 | GeneralDavid51 · first_building Siege Workshop |
| 36:34 | elsalvadordelaoe · first_building Siege Workshop |
| 37:27 | Peppyzizzle25 · first_building Castle |
| 37:31 | elpanditm · age_up imperial |
| 37:51 | GeneralDavid51 · first_building Castle |
| 39:06 | elsalvadordelaoe · age_up imperial |
| 40:01 | GeneralDavid51 · age_up imperial |
| 40:08 | Peppyzizzle25 · wall_segment Stone Wall x1 |
| 40:10 | Peppyzizzle25 · wall_segment Stone Wall x1 |
| 40:12 | Peppyzizzle25 · wall_segment Stone Wall x1 |
| 40:13 | Peppyzizzle25 · wall_segment Stone Wall x1 |
| 40:19 | elsalvadordelaoe · first_building Castle |
| 40:45 | elpanditm · first_building Castle |
| 40:46 | TopDogThor · first_building Castle |
| 42:12 | darkdudu · resign |
| 42:41 | gabaleage · first_market_sell 100 wood |
| 45:12 | TopDogThor · age_up imperial |
| 46:50 | elsalvadordelaoe · wall_segment Palisade Wall x1 |
| 48:45 | edukratos23 · first_building Stable |
| 50:45 | edukratos23 · age_up imperial |
| 53:41 | GeneralDavid51 · wall_segment Palisade Wall x2 |
| 55:40 | TopDogThor · wall_segment Palisade Wall x1 |
| 55:55 | elpanditm · tribute_sent a jugador 1 |
| 55:55 | elpanditm · tribute_sent a jugador 2 |
| 55:55 | elpanditm · tribute_sent a jugador 3 |
| 55:55 | elpanditm · tribute_sent a jugador 4 |
| 55:55 | elpanditm · tribute_sent a jugador 5 |
| 55:55 | elpanditm · tribute_sent a jugador 6 |
| 55:55 | elpanditm · tribute_sent a jugador 7 |
| 55:59 | Peppyzizzle25 · first_market_buy 100 wood |
| 56:04 | elpanditm · tribute_sent a jugador 1 |
| 56:04 | elpanditm · tribute_sent a jugador 2 |
| 56:04 | elpanditm · tribute_sent a jugador 3 |
| 56:04 | elpanditm · tribute_sent a jugador 4 |
| 56:04 | elpanditm · tribute_sent a jugador 5 |
| 56:04 | elpanditm · tribute_sent a jugador 6 |
| 56:04 | elpanditm · tribute_sent a jugador 7 |
| 60:03 | GeneralDavid51 · first_market_sell 500 wood |
[ ANÁLISIS IA · 1 CRÉDITO ]
¿Qué pasó realmente en esta partida?
Wolo.gg analiza cada decisión: build order, eco, micro, errores típicos por bracket. Análisis personalizado por WhatsApp o Discord en 30 segundos.
Guía civ
Gurjaras
Perfil
Jugador #271137